 Dungeon Crawl Stone Soup version 0.19-a0-787-gcef06a7 (webtiles) character file.

170655 Laan the Executioner (level 17, -4/160 HPs)
             Began as a Minotaur Fighter on June 26, 2016.
             Was the Champion of the Shining One.
             Slain by a fire giant
             ... wielding a +0 great sword of flaming
              (6 damage)
             ... on level 3 of the Depths.
             The game lasted 01:05:03 (23994 turns).

Laan the Executioner (Minotaur Fighter)            Turns: 23994, Time: 01:05:03

Health: -4/160     AC: 34    Str: 26    XL:     17   Next: 37%
Magic:  0/16       EV:  5    Int:  5    God:    the Shining One [******]
Gold:   3294       SH: 22    Dex: 15    Spells: 0 memorised, 16 levels left

rFire  . . .     SeeInvis .     b - +2 broad axe (holy)
rCold  + + .     Gourm    .     z - +0 crystal plate armour
rNeg   + + +     Faith    .     D - +0 large shield
rPois  .         Spirit   +     E - +2 hat {Spirit}
rElec  .         Dismiss  .     (no cloak)
rCorr  .         Reflect  .     F - +2 pair of gloves
SustAt .         Harm     .     t - +2 pair of boots {Fly}
MR     +....     Clarity  +     L - amulet of regeneration
Stlth  ..........               S - +3 ring of dexterity
                                X - ring of protection from cold

@: glowing, somewhat resistant to hostile enchantments, extremely unstealthy
A: retaliatory headbutt, horns 2, clarity, cold resistance 1
a: Divine Shield, Cleansing Flame, Summon Divine Warrior, Renounce Religion,
Evoke Flight


You were on level 3 of the Depths.
You worshipped the Shining One.
The Shining One was exalted by your worship.
You were not hungry.

You visited 5 branches of the dungeon, and saw 27 of its levels.
You visited the Abyss 1 time.
You also visited: Sewer and Ice Cave.

You collected 3294 gold pieces.

Inventory:

Hand Weapons
 a - the +0 hand axe of Nihecis {flame, Str+4}
   (You found it on level 10 of the Dungeon)

   It has been specially enchanted to burn those struck by it, causing extra
   injury to most foes and up to half again as much damage against particularly
   susceptible opponents.
   Big, fiery blades are also staple armaments of hydra-hunters.
   It affects your strength (+4).
 b - a +2 broad axe of holy wrath (weapon)
Armour
 t - a +2 pair of boots of flying (worn)
 u - the +0 shield "Xaawul" {Str+3 Int+4}
   (You found it on level 6 of the Lair of Beasts)

   It affects your strength (+3).
   It affects your intelligence (+4).
 y - a +4 chain mail of fire resistance
 z - a +0 crystal plate armour (worn)
 D - a +0 large shield (worn)
 E - a +2 hat of spirit shield (worn)
 F - a +2 pair of gloves (worn)
Rods
 l - a +1 rod of shadows (9/9)
   (You found it on level 2 of the Lair of Beasts)
 s - a -1 rod of ignition (14/14)
   (You found it on level 6 of the Lair of Beasts)
Jewellery
 e - an uncursed amulet of harm {unknown}
 n - an uncursed ring of see invisible {unknown}
 p - an uncursed ring of resist corrosion
 v - an uncursed ring of sustain attributes
 A - a cursed amulet of inaccuracy {unknown}
 L - an amulet of regeneration (around neck)
 S - a +3 ring of dexterity (right hand)
 X - a ring of protection from cold (left hand)
Wands
 c - a wand of iceblast (11/15)
 i - a wand of lightning (5/15)
 I - a wand of paralysis (13/24)
 J - a wand of iceblast (9/15)
 P - a wand of confusion (22/48)
 W - a wand of iceblast (5/15)
Scrolls
 k - 5 scrolls of enchant armour
 o - 5 scrolls of magic mapping
 q - 8 scrolls of recharging
 r - 7 scrolls of teleportation
 x - 2 scrolls of fog
 O - 7 scrolls of remove curse
 V - a scroll of amnesia
 Z - 3 scrolls of holy word
Potions
 d - 3 potions of might
 g - 2 potions of agility
 w - 10 potions of flight
 C - a potion of cancellation
 G - a potion of resistance
 H - 2 potions of mutation {unknown}
 M - 3 potions of cure mutation {unknown}
 N - 3 potions of ambrosia {unknown}
 R - 13 potions of curing
 T - a potion of berserk rage {unknown}
 U - 5 potions of haste
Books
 m - a book of Power

   Spells                             Type                      Level
   a - Fulminant Prism                Conjuration/Hexes            4
   b - Iskenderun's Mystic Blast      Conjuration                  4
   c - Venom Bolt                     Conjuration/Poison           5
   d - Bolt of Magma                  Conjuration/Fire/Earth       5
   e - Iron Shot                      Conjuration/Earth            6
   f - Orb of Destruction             Conjuration                  7
   g - Spellforged Servitor           Conjuration/Summoning        7
Comestibles
 f - 21 bread rations
 h - 15 meat rations
 j - 3 fruits
 B - 3 royal jellies


   Skills:
 + Level 16.7 Fighting
 * Level 21.9 Axes
 + Level 16.8 Armour
 + Level 16.8 Shields


You had 16 spell levels left.
You didn't know any spells.

Dungeon Overview and Level Annotations

Branches:
Dungeon (15/15)            Temple (1/1) D:7            Lair (6/6) D:10
 Shoals (0/4) Lair:3       Spider (0/4) Lair:4        Slime (0/5) Lair:5
    Orc (2/2) D:12            Elf (0/3) Orc:2        Vaults (0/5) D:13
 Depths (3/5) D:15

Altars:
Ashenzari
Cheibriados
Dithmenos
Elyvilon
Fedhas
Gozag
Hepliaklqana
Kikubaaqudgha
Makhleb
Nemelex Xobeh
Okawaru
Pakellas
Qazlal
Ru
Sif Muna
Trog
Uskayaw
Vehumet
Xom
Yredelemnul
Zin
The Shining One
Jiyva

Shops:
Orc:2 [(:*

Portals:
Hell: Depths:1 Depths:2
Pandemonium: Depths:2
Ziggurat: Depths:3
Trove: Depths:2 (give 12 potions of heal wounds)


Innate Abilities, Weirdness & Mutations

You reflexively headbutt those who attack you in melee.
You have a pair of horns on your head.
You possess an exceptional clarity of mind.
Your flesh is cold resistant. (rC+)


Message History

The tengu reaver is severely wounded.
You slash the fire giant!
The fire giant is severely wounded.
The fire giant completely misses you. You furiously retaliate!
You headbutt the fire giant, but do no damage.
You miss the tengu reaver.
The tengu reaver is severely wounded.
You hit the fire giant.
The fire giant is severely wounded.
The tengu reaver hits you but does no damage.
You block the tengu reaver's attack. x2
You slash the tengu reaver!
You headbutt the tengu reaver, but do no damage.
The tengu reaver is almost dead.
You slice the fire giant!!
The fire giant is almost dead.
The fire giant hits you with a great sword of flaming!
* * * LOW HITPOINT WARNING * * *
The fire giant burns you!
You die...

#######..##.∩.##....
#...##.##.....
#....###......
#..#..#.......
#.##..........
####..........
####### #..........
......C##......###.
......Q@..!....#
######....*....#
#####.....# #.......
#........ ####.####
.# #


You could see a fire giant, a tengu reaver and a battlesphere.

Vanquished Creatures
  3 liches
  2 acid blobs (Lair:5)
  2 tentacled starspawn (Abyss:3)
  A tengu reaver (Depths:1)
  Agnes (D:15)
  A daeva (Depths:1)
  A frost giant (Depths:3)
  A fire giant (Depths:2)
  A balrug (Depths:2)
  2 orc warlords (Orc:1)
  2 stone giants (Depths:2)
  The ghost of Etesian the Bludgeoner, a journeyman OgBe of Trog (Lair:3)
  Azrael (Orc:2)
  5 dire elephants (Lair:6)
  An ettin (Depths:1)
  Snorg (Lair:3)
  A yaktaur captain (Depths:2)
  Josephine (D:11)
  4 fire dragons
  3 jiangshi (Depths:2)
  A minotaur (Abyss:3)
  6 ice dragons
  2 great orbs of eyes
  Harold (Orc:1)
  Fannar (Lair:3)
  A spriggan air mage (Depths:1)
  5 hydras
  An anaconda (Lair:6)
  3 rakshasas
  3 centaur warriors
  2 catoblepae
  The ghost of Deemzul the Covert, a journeyman OpMo of Hepliaklqana (D:11)
  Erica (Lair:1)
  2 death knights
  2 death yaks (Lair:4)
  An orc high priest (Orc:2)
  2 deep troll shamans
  3 thrashing horrors (Abyss:3)
  A spriggan berserker (Depths:1)
  A vampire mage (Depths:2)
  3 ogre magi
  A deep troll earth mage (Depths:1)
  A tengu warrior (Depths:1)
  2 sun demons (Depths:2)
  A wretched star (Abyss:3)
  An unseen horror (D:15)
  2 deep trolls (Depths:1)
  6 skeletal warriors (D:13)
  7 hill giants
  3 necromancers
  3 orc sorcerers (Orc:2)
  7 orc knights
  A tengu zombie (Depths:2)
  9 ugly things
  A wolf spider (Lair:4)
  A mana viper (shapeshifter) (Depths:1)
  4 oklob plants
  A wolf spider zombie (Abyss:3)
  A glowing shapeshifter (D:15)
  A manticore (D:15)
  6 cyclopes
  2 centaur zombies
  18 elephants
  A frost giant skeleton (Abyss:3)
  4 black mambas
  A guardian serpent (shapeshifter) (D:13)
  Maurice (Orc:2)
  4 naga magi (Depths:1)
  A stone giant skeleton (Depths:2)
  A storm dragon simulacrum (Abyss:3)
  2 ice statues (IceCv)
  2 torpor snails
  6 spiny frogs
  2 spiny frogs (shapeshifter)
  2 gargoyles
  4 rime drakes
  5 komodo dragons
  16 yaktaurs
  3 kobold demonologists
  2 tengu conjurers (D:13)
  5 trolls
  A spriggan skeleton (Depths:2)
  2 two-headed ogres
  A merfolk (D:12)
  A troll (shapeshifter) (D:15)
  The ghost of Laan the Poker, an amateur DsFi (D:4)
  14 slime creatures
  18 blink frogs
  A small abomination (Abyss:3)
  2 vampires
  5 wraiths
  2 shadows
  2 spriggans (Depths:1)
  4 redbacks (Lair:4)
  A hog (shapeshifter) (Depths:2)
  5 wyverns
  5 fire bats
  A large abomination (Abyss:3)
  74 yaks
  2 water elementals (Depths:2)
  2 hungry ghosts (D:14)
  A golden eye (shapeshifter) (Depths:2)
  3 basilisks
  2 humans (shapeshifter)
  6 vampire mosquitoes
  17 hippogriffs
  4 fire elementals
  4 chaos spawn (Abyss:3)
  Menkaure (D:7)
  12 wargs
  3 mottled dragons
  Edmund (D:4)
  18 water moccasins
  6 porcupines
  2 hell hounds (Orc:2)
  Duvessa (D:6)
  A spriggan simulacrum (Depths:2)
  A giant eyeball (Depths:3)
  38 orc warriors
  5 wasps
  22 ice beasts
  4 black bears
  A sky beast (D:6)
  A meliai simulacrum (D:15)
  2 necrophages (D:12)
  18 ogres
  6 boggarts
  The ghost of Deemzul the Sneak, an amateur OpMo (D:3)
  21 wolves
  11 centaurs
  8 crocodiles
  8 big kobolds
  19 giant frogs
  A wyvern zombie (D:14)
  A wyvern skeleton (D:10)
  Dowan (D:6)
  5 scorpions
  A water moccasin skeleton (D:6)
  4 killer bees (D:9)
  8 wights
  5 electric eels
  2 howler monkeys
  7 crimson imps
  3 giant frog zombies
  2 giant frog skeletons
  11 orc priests
  7 hounds
  5 jellies
  6 centaur skeletons
  26 orc wizards
  11 iguanas
  6 hell rats (Lair:3)
  12 worker ants
  A yak simulacrum (Lair:6)
  2 polar bear simulacra (Lair:6)
  16 sheep
  A killer bee zombie (D:5)
  5 wolf simulacra (Lair:6)
  A hound skeleton (D:8)
  12 adders
  4 gnolls (Orc:2)
  46 river rats
  6 shadow imps
  A white imp (Abyss:3)
  An adder skeleton (D:4)
  3 worms
  2 dart slugs
  2 giant geckos
  79 orcs
  A ball python (D:3)
  8 bats
  5 giant cockroaches
  7 hobgoblins
  16 jackals
  A quokka (D:12)
  A giant gecko skeleton (D:7)
  2 giant gecko zombies
  5 giant newts
  10 goblins
  16 kobolds
  A quokka skeleton (D:6)
  6 rats
  3 river rat simulacra (Lair:6)
  10 fungi
  8 plants
  2 starspawn tentacles (Abyss:3)
1019 creatures vanquished.

Vanquished Creatures (others)
  A tengu reaver (Depths:2)
  A goblin (D:1)
  12 fungi
  6 plants
  4 starspawn tentacles (Abyss:3)
  77 starspawn tentacle segments (Abyss:3)
101 creatures vanquished.

Grand Total: 1120 creatures vanquished

Notes
Turn   | Place    | Note
--------------------------------------------------------------
     0 | D:1      | Laan the Minotaur Fighter began the quest for the Orb.
     0 | D:1      | Reached XP level 1. HP: 19/19 MP: 0/0
    93 | D:1      | Reached XP level 2. HP: 27/27 MP: 1/1
   160 | D:1      | Reached skill level 3 in Axes
   636 | D:1      | Reached XP level 3. HP: 26/33 MP: 2/2
   866 | D:2      | Found a glowing golden altar of the Shining One.
   881 | D:2      | Became a worshipper of the Shining One
  1240 | D:3      | Reached XP level 4. HP: 31/40 MP: 3/3
  1265 | D:3      | Noticed a centaur
  1272 | D:3      | Noticed Deemzul's ghost (amateur OpMo)
  1276 | D:3      | Killed a centaur
  1276 | D:3      | Reached skill level 4 in Axes
  1276 | D:3      | Reached XP level 5. HP: 13/47 MP: 4/4
  1293 | D:3      | Killed Deemzul's ghost
  1293 | D:3      | Reached skill level 5 in Armour
  1449 | D:3      | Found a basalt altar of Yredelemnul.
  1524 | D:3      | Found an ancient bone altar of Kikubaaqudgha.
  1524 | D:3      | Noticed a human
  1585 | D:3      | Reached XP level 6. HP: 53/53 MP: 5/5
  1672 | D:3      | Found a glowing drain.
  1683 | D:3      | Reached skill level 5 in Axes
  1689 | Sewer    | Entered a sewer
  1759 | Sewer    | Reached skill level 5 in Fighting
  1759 | Sewer    | Reached skill level 5 in Shields
  1778 | Sewer    | Found a white marble altar of Elyvilon.
  1978 | D:4      | Noticed Laan's ghost (amateur DsFi)
  1992 | D:4      | Killed Laan's ghost
  1992 | D:4      | Reached * piety under the Shining One
  1992 | D:4      | Reached skill level 6 in Axes
  1992 | D:4      | Reached XP level 7. HP: 53/61 MP: 6/6
  2153 | D:4      | Noticed Edmund
  2164 | D:4      | Killed Edmund
  2254 | D:4      | Found a blossoming altar of Fedhas.
  2424 | D:4      | Found a blossoming altar of Fedhas.
  2431 | D:4      | Found an ancient bone altar of Kikubaaqudgha.
  2577 | D:4      | Reached skill level 7 in Axes
  2867 | D:4      | Reached XP level 8. HP: 61/70 MP: 7/7
  2985 | D:5      | Entered Level 5 of the Dungeon
  3238 | D:5      | Reached skill level 8 in Axes
  3241 | D:5      | Found an opulent altar of Gozag.
  3441 | D:5      | Found a stormy altar of Qazlal.
  3441 | D:5      | Found a sparkling altar of Nemelex Xobeh.
  3774 | D:6      | Reached ** piety under the Shining One
  3788 | D:6      | Reached skill level 9 in Axes
  3828 | D:6      | Noticed Duvessa
  3828 | D:6      | Noticed Dowan
  3839 | D:6      | Killed Dowan
  3840 | D:6      | Killed Duvessa
  3942 | D:6      | Reached XP level 9. HP: 79/79 MP: 8/8
  4292 | D:6      | Reached skill level 10 in Axes
  4798 | D:7      | Found a staircase to the Ecumenical Temple.
  4878 | Temple   | Entered the Ecumenical Temple
  5239 | D:7      | Noticed Menkaure
  5248 | D:7      | Killed Menkaure
  5421 | D:8      | Reached skill level 11 in Axes
  5532 | D:8      | Reached XP level 10. HP: 62/90 MP: 9/9
  5899 | D:8      | Reached *** piety under the Shining One
  6433 | D:9      | Reached skill level 12 in Axes
  6969 | D:10     | Entered Level 10 of the Dungeon
  6975 | D:10     | Noticed an oklob plant
  7029 | D:10     | Noticed a cyclops
  7040 | D:10     | Killed a cyclops
  7111 | D:10     | Reached XP level 11. HP: 82/99 MP: 10/10
  7191 | D:10     | Reached skill level 13 in Axes
  7252 | D:10     | Reached **** piety under the Shining One
  7263 | D:10     | Reached skill level 10 in Shields
  7265 | D:10     | Reached skill level 10 in Armour
  7463 | D:10     | Got a transparent hand axe
  7464 | D:10     | Identified the cursed +0 hand axe of Nihecis {flame, Str+4} (You found it on level 10 of the Dungeon)
  7486 | D:10     | Noticed a centaur warrior
  7498 | D:10     | Killed a centaur warrior
  7498 | D:10     | Reached skill level 10 in Fighting
  7501 | D:10     | Got a translucent spear
  7510 | D:10     | Noticed a death knight
  7522 | D:10     | Killed a death knight
  7750 | D:10     | Found a staircase to the Lair.
  7758 | D:10     | Noticed an oklob plant
  7778 | D:10     | Killed an oklob plant
  7789 | D:10     | Killed an oklob plant
  8072 | D:11     | Noticed a death knight
  8089 | D:11     | Killed a death knight
  8089 | D:11     | Reached skill level 14 in Axes
  8216 | D:11     | Noticed Josephine
  8223 | D:11     | Killed Josephine
  8311 | D:11     | Noticed a hill giant
  8318 | D:11     | Killed a hill giant
  8395 | D:11     | Reached XP level 12. HP: 110/110 MP: 11/11
  8568 | D:11     | Noticed Deemzul's ghost (journeyman OpMo)
  8586 | D:11     | Killed Deemzul's ghost
  8819 | D:12     | Reached ***** piety under the Shining One
  8943 | D:12     | Reached skill level 15 in Axes
  9033 | D:12     | Found a staircase to the Orcish Mines.
  9624 | D:12     | Identified a scroll of acquirement
  9856 | Lair:1   | Entered Level 1 of the Lair of Beasts
 10391 | Lair:1   | Noticed a six-headed hydra
 10401 | Lair:1   | Killed a three-headed hydra
 10487 | Lair:1   | Noticed Erica
 10495 | Lair:1   | Killed Erica
 10495 | Lair:1   | Reached skill level 16 in Axes
 11082 | Lair:2   | Reached XP level 13. HP: 85/118 MP: 12/12
 11314 | Lair:3   | Noticed Snorg
 11315 | Lair:3   | Noticed Etesian's ghost (journeyman OgBe)
 11317 | Lair:3   | Noticed Fannar
 11324 | Lair:3   | Killed Snorg
 11327 | Lair:3   | Killed Etesian's ghost
 11334 | Lair:3   | Killed Fannar
 11452 | Lair:3   | Reached ****** piety under the Shining One
 11461 | Lair:3   | Identified a +1 rod of shadows (9/9) (You found it on level 2 of the Lair of Beasts)
 11662 | Lair:3   | Found a staircase to the Shoals.
 11928 | Lair:3   | Identified a +2 broad axe of holy wrath (a +0 broad axe blessed by the Shining One)
 11928 | Lair:3   | Received a gift from the Shining One
 12346 | Lair:4   | Reached skill level 17 in Axes
 12461 | Lair:4   | Found a hole to the Spider Nest.
 12898 | Lair:4   | Found a stormy altar of Qazlal.
 12919 | Lair:4   | Reached XP level 14. HP: 128/129 MP: 13/13
 13515 | Lair:5   | Found a runed door.
 13515 | Lair:5   | Found a viscous altar of Jiyva.
 13515 | Lair:5   | Found a staircase to the Slime Pits.
 13515 | Lair:5   | Noticed an acid blob
 13515 | Lair:5   | Noticed an acid blob
 13524 | Lair:5   | Killed an acid blob
 13532 | Lair:5   | Killed an acid blob
 13856 | Lair:5   | Reached skill level 18 in Axes
 14153 | Lair:6   | Entered Level 6 of the Lair of Beasts
 14325 | Lair:6   | Gained mutation: Your flesh is cold resistant. (rC+) [potion of beneficial mutation]
 14326 | Lair:6   | Gained mutation: You possess an exceptional clarity of mind. [potion of beneficial mutation]
 14346 | Lair:6   | Found a frozen archway.
 14358 | IceCv    | Entered an ice cave
 15955 | Lair:6   | Got a bloodstained shield
 15972 | Lair:6   | Identified the +0 shield "Xaawul" {Str+3 Int+4} (You found it on level 6 of the Lair of Beasts)
 16006 | Lair:6   | Reached XP level 15. HP: 116/138 MP: 14/14
 16312 | D:13     | Reached skill level 19 in Axes
 16387 | D:13     | Found a gate to the Vaults.
 16420 | D:13     | Got a faintly glowing amber ring
 16422 | D:13     | Identified the ring "Yhuxa" {MP+9 Int+5 SInv} (You acquired it on level 13 of the Dungeon)
 16774 | D:13     | Found a sparkling altar of Nemelex Xobeh.
 17457 | D:14     | Reached skill level 15 in Shields
 17465 | D:14     | Reached skill level 15 in Armour
 17982 | D:15     | Entered Level 15 of the Dungeon
 18146 | D:15     | Noticed Agnes
 18153 | D:15     | Killed Agnes
 18331 | D:15     | Identified a -1 rod of ignition (14/14) (You found it on level 6 of the Lair of Beasts)
 18541 | D:15     | Reached skill level 15 in Fighting
 18781 | D:15     | Found a staircase to the Depths.
 19071 | Orc:1    | Entered Level 1 of the Orcish Mines
 19166 | Orc:1    | Reached skill level 20 in Axes
 19222 | Orc:1    | Noticed Harold
 19240 | Orc:1    | Killed Harold
 19408 | Orc:2    | Entered Level 2 of the Orcish Mines
 19408 | Orc:2    | Found a staircase to the Elven Halls.
 19408 | Orc:2    | Noticed Azrael
 19419 | Orc:2    | Killed Azrael
 19693 | Orc:2    | Found Jiothrynue's Book Shop.
 19737 | Orc:2    | Noticed an orc warlord
 19850 | Orc:1    | Killed an orc warlord
 19850 | Orc:1    | Reached XP level 16. HP: 135/149 MP: 15/15
 19872 | Orc:2    | Found Munum's General Store.
 20053 | Orc:2    | Found Caakeikh's Antique Weapon Boutique.
 20054 | Orc:2    | Noticed Maurice
 20062 | Orc:2    | Killed Maurice
 20097 | Orc:2    | Found Jadwinla's Antique Armour Shop.
 20975 | Depths:1 | Entered Level 1 of the Depths
 21009 | Depths:1 | Noticed a lich
 21025 | Depths:1 | Killed a lich
 21124 | Depths:1 | Noticed a tengu reaver
 21155 | Depths:1 | Found a gateway to Hell.
 21548 | Depths:1 | Killed a tengu reaver
 21649 | Depths:1 | Found a radiant altar of Vehumet.
 21649 | Depths:1 | Noticed a lich
 21656 | Depths:1 | Killed a lich
 21900 | Depths:1 | Found a glowing golden altar of the Shining One.
 22130 | Depths:1 | Reached skill level 21 in Axes
 22289 | Depths:2 | Found a portal to a secret trove of treasure.
 22698 | Depths:2 | Found a one-way gate leading to the halls of Pandemonium.
 22868 | Depths:2 | Noticed a lich
 22868 | Depths:2 | Cast into level 3 of the Abyss (a lich)
 22919 | Abyss:3  | Noticed a tentacled starspawn
 22932 | Abyss:3  | Killed a tentacled starspawn
 22932 | Abyss:3  | Reached XP level 17. HP: 132/159 MP: 13/16
 22946 | Abyss:3  | Found a corrupted altar of Lugonu.
 23012 | Abyss:3  | Paralysed by an ogre mage for 6 turns
 23049 | Depths:2 | Escaped the Abyss
 23059 | Depths:2 | Killed a lich
 23168 | Depths:2 | Paralysed by a great orb of eyes for 7 turns
 23178 | Depths:2 | HP: 3/159 [fire dragon (8)]
 23962 | Depths:3 | Found a gateway to a ziggurat.
 23994 | Depths:3 | HP: 2/160 [fire giant/great sword of flaming (15)]
 23994 | Depths:3 | Slain by a fire giant

Vault maps used:
D:1:      matt_arrival_refuge, st_stairs_3, lemuel_flame_loot_1
D:2:      lemuel_crystal_altar
D:3:      lemuel_doored_altar, gup_sewer_entry_glass, first_bread,
          tgw_kikubaaqudgha
D:4:      black_bear_nest_2, grunt_temple_overflow_growth_and_decay,
          fedhas_bush_and_centaur_altar, uniq_edmund
D:5:      gammafunk_temple_overflow_elements, grunt_gozag_statues
D:6:      uniq_duvessa
D:7:      uniq_menkaure
D:10:     minmay_wavy_crystal, dpeg_oklobed_lair
D:11:     uniq_josephine
D:12:     erik_orc_4, hangedman_fish_farm
D:13:     hangedman_vaults_entry_quadrant_bands, nemelex_diamond_rough_becter
D:14:     kennysheep_boxes
D:15:     gammafunk_enter_depths_forms, st_stairs_5, roderic_roman_lattice,
          uniq_agnes
Temple:   regret_index_temple_sphere_string
Lair:1:   serial_bayou_shore_a, uniq_erica
Lair:2:   st_stairs_12, serial_bayou_shore_b, lemuel_fruit_tree
Lair:3:   elwin_shoals_entry_rooms, wad_woods_road_05, grunt_megastairs_2,
          uniq_fannar, uniq_snorg
Lair:4:   spider_nest_entry_funnel_web, lemuel_oklob_altar, grunt_megastairs_5,
          infiniplex_staircase_pool
Lair:5:   slime_altar_2
Lair:6:   due_jungle_book, portal_ice_cave_entry_pillars_1, enter_volcano_2,
          eino_house_with_fridge
Orc:1:    uniq_harold
Orc:2:    grunt_orc_gardens, grunt_orc_garden, grunt_orc_garden,
          grunt_orc_garden, grunt_orc_garden, uniq_maurice, uniq_azrael
Depths:1: abrahamwl_protected_by_tso_3, hangedman_coc_ice_floe,
          minmay_misc_feat_secret_circle, grunt_tower_of_power
Depths:2: kennysheep_scales, lightli_too_deep, infiniplex_staircase_zigzag_3,
          pan_entry, nicolae_trove_entry_crossroad
Depths:3: minmay_two_paths, enter_ziggurat_c, kennysheep_minor_cross, pan_entry,
          hell_entry, minmay_hollow_rounded_squares, infiniplex_staircase_star,
          uniq_wiglaf
Sewer:    sewer_kobolds
IceCv:    ice_cave_small_dragons

Skill      XL: |  1  2  3  4  5  6  7  8  9 10 11 12 13 14 15 16 |
---------------+-------------------------------------------------+-----
Axes           | 3 4 6 7 9 11 12 14 16 17 18 20 21 | 21.9
Armour         | 4 5 6 7 8 9 11 12 13 14 15 16 | 16.8
Fighting       | 4 5 6 7 8 9 11 12 13 14 15 16 | 16.7
Shields        | 4 5 6 7 8 9 11 12 13 14 15 16 | 16.8

Action                   |  1- 3 |  4- 6 |  7- 9 | 10-12 | 13-15 | 16-18 || total
-------------------------+-------+-------+-------+-------+-------+-------++-------
Melee: War axe           |    93 |    80 |   320 |   261 |    36 |       ||   790
       Headbutt          |    11 |    13 |    60 |   182 |   349 |   172 ||   787
       Broad axe         |       |       |       |   417 |  1204 |   588 ||  2209
       Hand axe          |       |       |       |     8 |    23 |       ||    31
Invok: Brand Weapon With |       |       |       |       |     1 |       ||     1
 Abil: Stop Flying       |       |       |       |     1 |       |       ||     1
Evoke: Wand              |       |       |       |       |     1 |       ||     1
  Use: Scroll            |       |       |     1 |    25 |     8 |     5 ||    39
       Potion            |       |       |       |     1 |     9 |     5 ||    15
  Eat: Chunk             |       |     4 |    21 |    13 |    14 |       ||    52
       Fruit             |       |       |       |       |     7 |     2 ||     9
       Beef jerky        |       |       |       |       |     5 |     1 ||     6
       Pizza             |       |       |       |       |     4 |     4 ||     8
       Meat ration       |       |       |       |       |       |     1 ||     1
Armor: Plate armour      |    69 |    44 |       |       |       |       ||   113
       Chain mail        |       |       |   167 |   240 |   180 |       ||   587
       Crystal plate arm |       |       |       |       |   334 |   347 ||   681
Dodge: Dodged            |    14 |    13 |    64 |   128 |   169 |    76 ||   464
Block: Shield            |    40 |    39 |   157 |   328 |   709 |   120 ||  1393
       Large shield      |       |       |       |       |       |   338 ||   338
